 Dungeon Crawl Stone Soup version 0.17.1-3-g152610e (webtiles) character file.

511 armorger the Sneak (level 7, 0/34 HPs)
             Began as a Vine Stalker Enchanter on Apr 3, 2016.
             Was a Follower of Yredelemnul.
             Slain by an iguana (6 damage)
             ... on level 5 of the Dungeon.
             The game lasted 00:19:48 (3263 turns).

armorger the Sneak (Vine Stalker Enchanter)         Turns: 3263, Time: 00:19:49

Health: 0/34       AC:  5    Str: 15      XL:     7   Next: 19%
Magic:  0/12       EV: 14    Int: 15 (17) God:    Yredelemnul [*.....]
Gold:   167        SH:  0    Dex: 17      Spells: 4 memorised, 2 levels left

rFire  + + .     SeeInvis .     e - +1 hand axe (chop)
rCold  . . .     Clarity  .     b - +1 robe
rNeg   + . .     SustAt   .     (no shield)
rPois  .         Gourm    .     (helmet restricted)
rElec  .         Spirit   +     n - +0 cloak
rCorr  .         Warding  +     (no gloves)
rMut   .         Stasis   .     (no boots)
MR     .....                    k - amulet of warding
Stlth  +++.......               p - ring of protection from fire
                                g - ring of protection from fire

@: mighty, lethally poisoned (0 -> -1), very slightly contaminated, not
resistant to hostile enchantments, fairly stealthy
A: antennae 1, fangs 2, molten scales 1, agile 1, regeneration 2, magic shield,
antimagic bite, no device heal 3, rot immunity
a: Animate Remains, Renounce Religion


You were on level 5 of the Dungeon.
You worshipped Yredelemnul.
Yredelemnul was aware of your devotion.
You were not hungry.

You visited 1 branch of the dungeon, and saw 5 of its levels.

You collected 167 gold pieces.

Inventory:

Hand Weapons
 e - a +1 hand axe of chopping (weapon)
 s - a +0 quarterstaff
Armour
 b - a +1 robe (worn)
 n - a +0 cloak (worn)
Jewellery
 g - a ring of protection from fire (left hand)
 k - an amulet of warding (around neck)
 p - a ring of protection from fire (right hand)
Wands
 a - a wand of frost (34)
 d - a wand of confusion (48)
Scrolls
 i - 3 scrolls of remove curse
 r - 4 scrolls of identify
Potions
 f - a potion of poison
 o - a potion of berserk rage {unknown}
Books
 c - a book of Maledictions

   Spells                             Type                      Level
   a - Corona                         Hexes                        1
   b - Ensorcelled Hibernation        Hexes/Ice                    2
   c - Confuse                        Hexes                        3
   d - Tukima's Dance                 Hexes                        3
   e - Dazzling Spray                 Conjuration/Hexes            3
Comestibles
 j - 5 fruits
 m - a royal jelly
 q - a meat ration


   Skills:
 + Level 1.7 Fighting
   Level 0.8 Short Blades
 + Level 1.9 Axes
 + Level 1.0 Staves
 + Level 3.7 Dodging
 + Level 5.6 Stealth
 + Level 2.8 Spellcasting
 + Level 3.9 Hexes
 + Level 0.8 Ice Magic
 + Level 0.4 Invocations


You had 2 spell levels left.
You knew the following spells:

 Your Spells              Type           Power        Failure   Level  Hunger
a - Corona                Hex            ##.....      4%          1    #......
b - Ensorcelled Hibernat  Hex/Ice        #.....       12%         2    ##.....
c - Tukima's Dance        Hex            ##......     14%         3    ###....
d - Confuse               Hex            ##......     14%         3    ###....


Dungeon Overview and Level Annotations

Branches:
Dungeon (5/15)
 Temple: D:4-7

Altars:
Dithmenos
Gozag
Makhleb
Trog
Yredelemnul


Innate Abilities, Weirdness & Mutations

You have extremely sharp teeth.
You heal very quickly.
When hurt, damage is shared between your health and your magic reserves.
Your bite disrupts and absorbs the magic of your enemies.
Potions and wands cannot restore your health.
You are immune to rotting.
You have a pair of small antennae on your head.
You are partially covered in molten scales (AC +1).
You are agile. (Dex +2)


Message History

* * * LOW HITPOINT WARNING * * *
Read which item? (? for menu, Esc to quit)
As you read the scroll labeled BYAXKU FEOXY, it crumbles to dust.
Forget which spell ([?*] list [ESC] exit)?
Forget which spell ([?*] list [ESC] exit)?
You don't know that spell.
Forget which spell ([?*] list [ESC] exit)?
Okay, then.
It was a scroll of amnesia.
The iguana bites you.
Drink which item? (? for menu, Esc to quit)
It was a potion of poison.
That liquid tasted very nasty...
You are poisoned.
You feel sick. The iguana bites you.
* * * LOW HITPOINT WARNING * * *
Drink which item? (? for menu, Esc to quit)
It was a potion of might.
You feel very mighty all of a sudden.
You feel sick. The phantom misses you. The iguana bites you!
You die...
Your body rises from the dead as a mindless zombie.

. ##. #..
#.# #..
#.# #W#
#@# #l#
#.#######.
#<...l....
#.####....
#.# # #.#
#.# #.#


You could see a phantom and an iguana.

Vanquished Creatures
  A phantom (D:4)
  A crimson imp (D:3)
  Ijyb (D:2)
  2 orc wizards (D:4)
  Natasha (twice) (D:4)
  A worker ant (D:4)
  A hound skeleton (D:4)
  6 adders
  A shadow imp (D:5)
  3 oozes
  3 worms
  8 orcs
  6 bats
  3 giant cockroaches
  12 goblins
  9 hobgoblins
  13 jackals
  A quokka (D:2)
  A ball python (D:2)
  A giant gecko (D:3)
  3 giant newts
  7 kobolds
  3 rats
89 creatures vanquished.

Vanquished Creatures (collateral kills)
  An ogre (D:4)
1 creature vanquished.

Vanquished Creatures (others)
  A felid zombie (D:4)
  A giant newt zombie (D:3)
2 creatures vanquished.

Grand Total: 92 creatures vanquished

Notes
Turn   | Place    | Note
--------------------------------------------------------------
     0 | D:1      | armorger the Vine Stalker Enchanter began the quest for the Orb.
     0 | D:1      | Reached XP level 1. HP: 9/9 MP: 4/4
   161 | D:1      | Reached XP level 2. HP: 13/13 MP: 4/6
   165 | D:1      | Learned a level 2 spell: Ensorcelled Hibernation
   867 | D:2      | Reached skill level 4 in Stealth
   874 | D:2      | Reached XP level 3. HP: 13/16 MP: 7/7
   879 | D:2      | Learned a level 3 spell: Tukima's Dance
  1002 | D:2      | Found a shadowy altar of Dithmenos.
  1003 | D:2      | Found a burning altar of Makhleb.
  1005 | D:2      | Found a basalt altar of Yredelemnul.
  1007 | D:2      | Found an opulent altar of Gozag.
  1067 | D:2      | Became a worshipper of Yredelemnul the Dark
  1107 | D:2      | Reached XP level 4. HP: 12/21 MP: 4/8
  1216 | D:2      | Reached skill level 1 in Fighting
  1496 | D:2      | Reached * piety under Yredelemnul
  1499 | D:2      | Noticed Ijyb
  1531 | D:2      | Killed Ijyb
  1747 | D:3      | Reached XP level 5. HP: 25/25 MP: 9/9
  1773 | D:3      | Gained mutation: You have a pair of small antennae on your head. [potion of mutation]
  1773 | D:3      | Gained mutation: You are partially covered in molten scales (AC +1). [potion of mutation]
  1773 | D:3      | Gained mutation: You are agile. (Dex +2) [potion of mutation]
  1858 | D:3      | Reached skill level 1 in Axes
  1967 | D:3      | Found a bloodstained altar of Trog.
  2270 | D:3      | Reached skill level 1 in Staves
  2388 | D:4      | Gained mutation: You heal very quickly. [Vine Stalker growth]
  2388 | D:4      | Reached XP level 6. HP: 30/30 MP: 10/10
  2408 | D:4      | Learned a level 3 spell: Confuse
  2607 | D:4      | Reached skill level 5 in Stealth
  2630 | D:4      | Noticed an ogre
  2640 | D:4      | Killed an ogre
  2696 | D:4      | Noticed Natasha
  2696 | D:4      | Noticed a phantom
  2713 | D:4      | Killed Natasha
  2731 | D:4      | Your ally Natasha died
  2741 | D:4      | Killed a phantom
  2922 | D:4      | Reached ** piety under Yredelemnul
  2933 | D:4      | Reached XP level 7. HP: 27/34 MP: 12/12
  3000 | D:4      | Noticed Natasha
  3018 | D:4      | Killed Natasha
  3235 | D:5      | Entered Level 5 of the Dungeon
  3263 | D:5      | Slain by an iguana

Action                   |  1- 3 |  4- 6 |  7- 9 || total
-------------------------+-------+-------+-------++-------
Melee: Dagger            |    56 |       |       ||    56
       Hand axe          |    44 |   152 |    43 ||   239
       Quarterstaff      |       |    41 |       ||    41
 Cast: Corona            |     1 |       |       ||     1
       Ensorcelled Hiber |       |     4 |     1 ||     5
       Tukima's Dance    |       |     1 |       ||     1
Invok: Animate Remains   |       |     2 |       ||     2
       Injury Mirror     |       |     1 |       ||     1
Evoke: Wand              |       |       |     1 ||     1
  Use: Scroll            |     3 |     2 |     2 ||     7
       Potion            |       |     7 |     2 ||     9
 Stab: Sleeping          |     3 |    10 |     1 ||    14
       Distracted        |       |     1 |       ||     1
  Eat: Bread ration      |       |     1 |       ||     1
       Fruit             |       |     1 |       ||     1
       Meat ration       |       |     1 |       ||     1
